 Dungeon Crawl Stone Soup version 0.21-a0-450-gd87a9b2 (webtiles) character file.

89 slep the Slasher (level 4, -2/35 HPs)
             Began as a Demonspawn Monk on Nov 18, 2017.
             Killed from afar by Ijyb (8 damage)
             ... with a wand of flame (?/48)
             ... on level 3 of the Dungeon on Nov 19, 2017.
             The game lasted 00:07:13 (1796 turns).

slep the Slasher (Demonspawn Monk)                  Turns: 1796, Time: 00:07:14

Health: -2/35      AC:  8    Str: 11    XL:     4   Next: 31%
Magic:  4/4        EV: 11    Int: 12    God:
Gold:   137        SH:  3    Dex: 16    Spells: 3/3 levels left

rFire    . . .     SeeInvis .   a - +0 falchion
rCold    . . .     Gourm    .   t - +0 buckler
rNeg     . . .     Faith    .   o - +0 ring mail
rPois    .         Spirit   .   (no helmet)
rElec    .         Reflect  .   (no cloak)
rCorr    .         Harm     +   (no gloves)
MR       +....                  (no boots)
Stlth    ++........             m - amulet of harm
HPRegen  0.11/turn              g - ring of protection from magic
MPRegen  0.09/turn              u - ring of stealth

@: no status effects
A: icy blue scales 2, demonic guardian 1
a: no special abilities


You were on level 3 of the Dungeon.
You were very hungry.

You visited 1 branch of the dungeon, and saw 3 of its levels.

You collected 137 gold pieces.

Inventory:

Hand Weapons
 a - a +0 falchion (weapon)
Armour
 b - a +0 robe
 o - a +0 ring mail (worn)
 t - a +0 buckler (worn)
Jewellery
 g - a ring of protection from magic (left hand)
 m - an amulet of harm (around neck)
 u - a ring of stealth (right hand)
Scrolls
 e - 2 scrolls of amnesia {unknown}
 j - 5 scrolls of identify {unknown}
 n - a scroll of fear {unknown}
 q - a scroll of remove curse {unknown}
 s - a scroll of teleportation {unknown}
Potions
 d - a potion of curing {unknown}
 i - a potion of heal wounds {unknown}
 k - a potion of ambrosia {unknown}
 p - a potion of resistance {unknown}
 r - a potion of mutation {unknown}
 w - 2 potions of might {unknown}
 x - a potion of agility {unknown}
Comestibles
 c - a bread ration
 f - a meat ration
 h - 7 fruits
 l - a royal jelly


   Skills:
 + Level 3.5 Fighting
 + Level 3.7 Long Blades
 + Level 0.7 Armour
 + Level 3.0 Dodging
 + Level 2.2 Stealth


You had 3 spell levels left.
You didn't know any spells.

Dungeon Overview and Level Annotations

Branches:
Dungeon (3/15)

Altars:
Nemelex Xobeh
Xom
The Shining One

Annotations:
D:3 Ijyb


Innate Abilities, Weirdness & Mutations

You are mostly covered in icy blue scales. (AC +3)
A weak demonic guardian rushes to your aid.


Message History

You hit Ijyb but do no damage.
Ijyb is heavily wounded.
Ijyb hits you.
You hit Ijyb.
Ijyb is heavily wounded.
Ijyb zaps a wand.
The puff of flame misses you. The puff of flame hits your iron imp.
Your iron imp completely resists.
You hit Ijyb.
Ijyb is severely wounded.
Ijyb barely misses you.
You hit Ijyb but do no damage.
Ijyb is severely wounded.
Ijyb screams, "Get away!"
Ijyb hits you but does no damage.
Ijyb zaps a wand.
The puff of flame hits you!
* * * LOW HITPOINT WARNING * * *
You closely miss Ijyb.
Ijyb is severely wounded.
Ijyb zaps a wand.
The puff of flame hits you!
You die...

##. #### #.. . ##...## #.#
..#..#..# #.# ##...###.# #.#
#..#..#..# ### #$# ..# #....#
####P### #g#####.## ##...##
#..'._⌠# #@##.....###......
##..'._⌠# #5##...#..#..#...#
#..###### #[....###...###...
#.## ### ####...#..#..#...#
#.####.###########............
#..............###......#....#
##############.#......#####...
#.#.#.##...#....#
#.#.#.####.#.##.#


You could see Ijyb and a friendly iron imp.

Vanquished Creatures
  3 adders
  A gnoll (D:1)
  A worm (D:2)
  2 leopard geckos
  2 ball pythons (D:1)
  4 giant cockroaches
  6 goblins
  7 hobgoblins
  4 jackals (D:2)
  8 kobolds
  A bat (D:1)
  4 frilled lizards (D:2)
  2 rats
45 creatures vanquished.

Notes
Turn   | Place    | Note
-------+----------+-------------------------------------------
     0 | D:1      | slep the Demonspawn Monk began the quest for the Orb.
     0 | D:1      | Reached XP level 1. HP: 18/18 MP: 1/1
    99 | D:1      | Gained mutation: You are partially covered in icy blue scales. (AC +2) [demonic ancestry]
    99 | D:1      | Reached XP level 2. HP: 10/24 MP: 2/2
   582 | D:1      | Gained mutation: A weak demonic guardian rushes to your aid. [demonic ancestry]
   582 | D:1      | Reached XP level 3. HP: 13/29 MP: 3/3
   761 | D:2      | Found a glowing golden altar of the Shining One.
  1249 | D:2      | Found a glowing golden altar of the Shining One.
  1573 | D:3      | Gained mutation: You are mostly covered in icy blue scales. (AC +3) [demonic ancestry]
  1573 | D:3      | Reached XP level 4. HP: 35/35 MP: 4/4
  1738 | D:3      | Found a shimmering altar of Xom.
  1738 | D:3      | Found a sparkling altar of Nemelex Xobeh.
  1782 | D:3      | Noticed Ijyb
  1796 | D:3      | Killed from afar by Ijyb

Vault maps used:
D:1:      dpeg_arrival_three_same_balls, serial_glass, glass_columns_c,
          glass_columns_a, glass_columns_b, glass_columns_a, glass_columns_a,
          glass_columns_a, glass_columns_b, glass_columns_a,
          due_unseen_surprise, minmay_heptomino_w4
D:2:      lemuel_round_altar, minmay_splitting_lines, tso_altar
D:3:      gammafunk_temple_overflow_wave,
          chequers_ecumenical_altar_simple_redux, minmay_strange_pillars,
          bh_chokoban, uniq_ijyb, uniq_natasha, uniq_grinder

Skill      XL: |  1  2 |
---------------+-------+-----
Long Blades    | 3 |  3.7
Dodging        | 3 |  3.0
Stealth        | 2 |  2.2
Fighting       | |  3.5
Armour         | |  0.7

Action                   |  1- 3 |  4- 6 || total
-------------------------+-------+-------++-------
Melee: Falchion          |   117 |    26 ||   143
 Stab: Sleeping          |     5 |     1 ||     6
  Eat: Chunk             |     2 |       ||     2
Armor: Robe              |     9 |       ||     9
       Ring mail         |    21 |     9 ||    30
Dodge: Dodged            |    81 |    12 ||    93
Block: Buckler           |     3 |     3 ||     6
       Rpst.: Falchion   |    29 |     5 ||    34

Table legend:
 A = Spawn XP
 B = Non-spawn XP
 C = Spawn XP percentage of total XP
 D = Spawn monster count
 E = Non-spawn monster count
 F = Spawn count percentage of total count
 G = Total turns spent on level
                    A         B        C        D         E        F      G
               +---------+---------+-------+---------+---------+-------+---------
         Total |       0 |     128 |   0.0 |       0 |      45 |   0.0 |  1796
               +---------+---------+-------+---------+---------+-------+---------
           D:1 |       0 |      50 |   0.0 |       0 |      21 |   0.0 |   713
           D:2 |       0 |      45 |   0.0 |       0 |      17 |   0.0 |   856
           D:3 |       0 |      33 |   0.0 |       0 |       7 |   0.0 |   227
               +---------+---------+-------+---------+---------+-------+---------
